 Dungeon Sprint DCSS version 0.16-a0-3761-g2321f2b (console) character file.

6157 Monkaria the Warrior (level 10, 0/115 HPs)
             Began as a Troll Fighter on Jan 24, 2015.
             Succumbed to a trapdoor spider's poison
             ... in the Dungeon (Sprint I: "Red Sonja").
             The game lasted 00:04:48 (1023 turns).

Monkaria the Warrior (Troll Fighter)                Turns: 1023, Time: 00:04:48

Health: 0/115      AC:  7    Str: 30    XL:     10   Next: 60%
Magic:  4/4        EV:  7    Int:  4    God:
Gold:   222        SH: 20    Dex:  7    Spells: 0 memorised, 9 levels left

rFire  . . .     SeeInvis .       - Unarmed
rCold  . . .     Clarity  .     b - +0 robe
rNeg   . . .     SustAb   .     n - +2 large shield {AC+3}
rPois  .         Gourm    +     (helmet restricted)
rElec  .         Spirit   .     (no cloak)
rCorr  .         Warding  .     (gloves unavailable)
rMut   .         NoTele   +     (boots unavailable)
MR     .....                    (no amulet)
Stlth  +.........               (no ring)
                                (no ring)

@: mighty, lethally poisoned, very slightly contaminated, not resistant to
hostile enchantments, very unstealthy
A: unfitting armour, claws 3, clumsy 1, deformed body, deterioration 1, fast
metabolism 3, frail 1, gourmand, regeneration 2, screaming 1, shaggy fur 1,
tough skin 2, weak 2, MP-powered wands 1
a: no special abilities


You were in the Dungeon.
You were not hungry.

You visited 1 branch You collected 567 gold pieces.
You spent 345 gold pieces at shops.

Inventory:

Hand weapons
 g - a +0 blowgun
 l - a +0 shortbow
Missiles
 d - 4 curare-tipped needles
 m - 16 poisoned arrows
Armour
 b - a +0 robe (worn)
 n - a +2 large shield of protection (worn)
Magical devices
 f - a wand of frost (3)
 k - a wand of confusion (14)
Scrolls
 i - 3 scrolls of recharging {unknown}
 o - 2 scrolls of identify
Potions
 h - 2 potions of magic
Comestibles
 a - 2 meat rations


   Skills:
 - Level 16.6 Fighting
 - Level 2.4 Armour
 + Level 9.0 Shields
 - Level 11.5 Unarmed Combat


You had 9 spell levels left.
You didn't know any spells.

Dungeon Overview and Level Annotations

Branches:
Dungeon (1/1)

Altars:
Cheibriados
Dithmenos
Elyvilon
Fedhas
Gozag
Kikubaaqudgha
Makhleb
Nemelex Xobeh
Okawaru
Qazlal
Ru
Sif Muna
Trog
Vehumet
Xom
Yredelemnul
Zin
The Shining One
Jiyva

Shops:
D [[?([?


Innate Abilities, Weirdness & Mutations

You are too large for most types of armour.
You have claws for hands.
Your metabolism is lightning-fast.
You like to eat raw meat.
You heal very quickly.
You are covered in fur (AC +1).
You have very tough skin (AC +2).
You are clumsy. (Dex -2)
Armour fits poorly on your strangely shaped body.
Your body is slowly deteriorating.
You are frail (-10% HP).
You occasionally shout uncontrollably at your foes.
You are very weak. (Str -4)
You expend magic power (3 MP) to slightly strengthen your wands.


Message History

Read which item? (? for menu, Esc to quit)
Blink to where?
Press: ? - help, Dir - move target cursor You are very lightly contaminated with residual magic.
As you read the scroll of blinking, it crumbles to dust.
* * * LOW HITPOINT WARNING * * *
You feel very sick.
* * * LOW HITPOINT WARNING * * *
You feel very sick.
There is an open door here.
* * * LOW HITPOINT WARNING * * *
You feel very sick.
There is an open door here.
Search for what [Enter for "curare", or ? for help]? cur
* * * LOW HITPOINT WARNING * * *
You feel very sick.
* * * LOW HITPOINT WARNING * * *
You feel very sick.
There is an open door here.
You die...

###############
..)..#..'..#__#
).#..').#..'^.+
####'#####'#__####
###..#...#)####§§####
__####..##)#§≈§§@#..#
_..__##'#§.'≈§§§§§§§#
_.∩...'..§_#≈≈§§§#..#
_..._##_.#+##+#####'###
_____###'# #.'.#
########.## ###.#
...)..'...+ #§#
'''####...# #$#
....####.## #§#


There were no monsters in sight!

Vanquished Creatures
  2 centaur warriors (D)
  An oklob plant (D)
  8 shining eyes (D)
  Sonja (D)
  A slime creature (D)
  3 trapdoor spiders (D)
  A yak (D)
  An ogre (D)
  A wasp (D)
  Sigmund (D)
  A jelly (D)
  Ijyb (D)
  4 giant eyeballs (D)
26 creatures vanquished.

Vanquished Creatures (others)
  the Lernaean hydra (D)
  A gargoyle (D)
2 creatures vanquished.

Grand Total: 28 creatures vanquished

Notes
Turn   | Place    | Note
--------------------------------------------------------------
     0 | D        | Monkaria, the Troll Fighter, began the quest for the Orb.
     0 | D        | Reached XP level 1. HP: 22/22 MP: 1/1
     2 | D        | Noticed Ijyb
    18 | D        | Killed Ijyb
    18 | D        | Reached skill level 5 in Unarmed Combat
    18 | D        | Reached XP level 2. HP: 27/29 MP: 1/1
    29 | D        | Noticed an ogre
    35 | D        | Killed an ogre
    35 | D        | Reached skill level 9 in Unarmed Combat
    35 | D        | Reached XP level 3. HP: 36/36 MP: 2/2
    35 | D        | Reached XP level 4. HP: 44/44 MP: 2/2
    46 | D        | Noticed Sigmund
    51 | D        | Killed Sigmund
    51 | D        | Reached skill level 11 in Unarmed Combat
    51 | D        | Reached XP level 5. HP: 40/50 MP: 2/2
    79 | D        | Found a deep blue altar of Sif Muna.
    80 | D        | Noticed a jelly
    81 | D        | Found a radiant altar of Vehumet.
    85 | D        | Killed a jelly
    91 | D        | Found a viscous altar of Jiyva.
    91 | D        | Found a blossoming altar of Fedhas.
    91 | D        | Noticed a slime creature
    99 | D        | Killed a slime creature
    99 | D        | Reached XP level 6. HP: 11/68 MP: 3/3
   101 | D        | Found a snail-covered altar of Cheibriados.
   101 | D        | Found a shadowy altar of Dithmenos.
   199 | D        | Noticed a centaur warrior
   199 | D        | Noticed a centaur warrior
   208 | D        | Killed a centaur warrior
   208 | D        | Reached XP level 7. HP: 16/88 MP: 3/3
   212 | D        | Killed a centaur warrior
   212 | D        | Reached skill level 13 in Fighting
   212 | D        | Reached XP level 8. HP: 15/102 MP: 3/3
   339 | D        | Noticed a wasp
   342 | D        | Killed a wasp
   404 | D        | Found Ghuocuha's Antique Weapon Emporium.
   404 | D        | Found a white marble altar of Elyvilon.
   404 | D        | Found a stormy altar of Qazlal.
   404 | D        | Found a basalt altar of Yredelemnul.
   404 | D        | Found an iron altar of Okawaru.
   404 | D        | Found a sparkling altar of Nemelex Xobeh.
   404 | D        | Found a shimmering altar of Xom.
   404 | D        | Found an ancient bone altar of Kikubaaqudgha.
   404 | D        | Noticed a yak
   408 | D        | Killed a yak
   409 | D        | Found a burning altar of Makhleb.
   409 | D        | Found a sacrificial altar of Ru.
   409 | D        | Found a glowing golden altar of the Shining One.
   409 | D        | Found an opulent altar of Gozag.
   409 | D        | Found a glowing silver altar of Zin.
   410 | D        | Found a bloodstained altar of Trog.
   439 | D        | Noticed Sonja
   676 | D        | Found Koesm's Antique Armour Boutique.
   676 | D        | Paralysed by a giant eyeball for 4 turns
   682 | D        | Noticed a shining eye
   683 | D        | Noticed a shining eye
   689 | D        | Paralysed by a giant eyeball for 4 turns
   695 | D        | Gained mutation: You are weak. (Str -2) [a shining eye]
   699 | D        | Paralysed by a giant eyeball for 4 turns
   699 | D        | Gained mutation: You are very weak. (Str -4) [a shining eye]
   704 | D        | Killed a shining eye
   704 | D        | Reached skill level 14 in Fighting
   704 | D        | Reached XP level 9. HP: 109/114 MP: 4/4
   708 | D        | Gained mutation: Armour fits poorly on your strangely shaped body. [a shining eye]
   709 | D        | Paralysed by a giant eyeball for 2 turns
   712 | D        | Killed a shining eye
   712 | D        | Reached skill level 15 in Fighting
   713 | D        | Noticed a shining eye
   713 | D        | Noticed a shining eye
   713 | D        | Noticed a shining eye
   717 | D        | Killed a gargoyle
   717 | D        | Paralysed by a giant eyeball for 4 turns
   721 | D        | Gained mutation: You expend magic power (3 MP) to slightly strengthen your wands. [a shining eye]
   726 | D        | Killed a shining eye
   727 | D        | Paralysed by a giant eyeball for 2 turns
   733 | D        | Killed a shining eye
   735 | D        | Gained mutation: You are clumsy. (Dex -2) [a shining eye]
   737 | D        | Killed a shining eye
   737 | D        | Reached skill level 16 in Fighting
   737 | D        | Reached XP level 10. HP: 125/128 MP: 4/4
   741 | D        | Killed Sonja
   786 | D        | Noticed a shining eye
   786 | D        | Noticed a shining eye
   786 | D        | Noticed a shining eye
   795 | D        | Gained mutation: You expend magic power (6 MP) to strengthen your wands. [a shining eye]
   798 | D        | Gained mutation: You occasionally shout uncontrollably at your foes. [a shining eye]
   800 | D        | Killed a shining eye
   804 | D        | Lost mutation: You expend magic power (6 MP) to strengthen your wands. [a shining eye]
   808 | D        | Gained mutation: Your body is slowly deteriorating. [a shining eye]
   812 | D        | Killed a shining eye
   812 | D        | Gained mutation: You are frail (-10% HP). [a shining eye]
   816 | D        | Killed a shining eye
   834 | D        | Found Yjureb's Magic Scroll Emporium.
   834 | D        | Found Ygolitif's Magic Scroll Boutique.
   836 | D        | Found Ybawocev's Armour Shoppe.
   837 | D        | Found Visahos' Antique Armour Shop.
   837 | D        | Killed the 27-headed Lernaean hydra
   842 | D        | Bought a +2 large shield of protection for 301 gold pieces
   844 | D        | Bought a scroll of identify for 22 gold pieces
   844 | D        | Bought a scroll of identify for 22 gold pieces
   903 | D        | Noticed an oklob plant
   911 | D        | Killed an oklob plant
   999 | D        | Noticed a trapdoor spider
  1003 | D        | Killed a trapdoor spider
  1006 | D        | Noticed a trapdoor spider
  1010 | D        | Noticed a trapdoor spider
  1011 | D        | Killed a trapdoor spider
  1017 | D        | Killed a trapdoor spider
  1021 | D        | HP: 4/115 [poisoned by a trapdoor spider]
  1023 | D        | Succumbed to a trapdoor spider's poison

Action                   |  1- 3 |  4- 6 |  7- 9 | 10-12 || total
-------------------------+-------+-------+-------+-------++-------
Melee: Unarmed           |    15 |    18 |    45 |    47 ||   125
  Use: Potion            |       |     1 |     3 |     1 ||     5
       Scroll            |       |       |       |     1 ||     1
  Eat: Chunk             |     2 |       |     6 |       ||     8
